 Dungeon Crawl Stone Soup version 0.29.1-1-gd02db6906a (webtiles) character file.

Game seed: 9992482554779088779

151 MisterFreud the Stinger (level 5, -5/41 HPs)
             Began as a Gnoll Wanderer on Sept 18, 2022.
             Killed from afar by Sigmund (12 damage)
             ... with a puff of flame
             ... on level 4 of the Dungeon.
             The game lasted 00:04:27 (4128 turns).

MisterFreud the Stinger (Gnoll Wanderer)            Turns: 4128, Time: 00:04:28

Health: -5/41      AC:  3    Str: 11    XL:     5   Next: 33%
Magic:  8/9        EV: 11    Int: 13    God:
Gold:   104        SH:  5    Dex: 12    Spells: 9/10 levels left

rFire   . . .      SeeInvis .   a - +3 falchion
rCold   . . .      Faith    .   b - +1 buckler
rNeg    . . .      Spirit   .   d - +0 leather armour
rPois   .          Reflect  .   (no helmet)
rElec   .          Harm     .   (no cloak)
rCorr   .          Rampage  .   (no gloves)
Will    .....                   (no boots)
Stlth   +.........              (no amulet)
HPRegen 0.13/turn               (no ring)
MPRegen 0.11/turn               (no ring)

@: no status effects
A: fangs 1, strong nose, distributed training
a: no special abilities


You were on level 4 of the Dungeon.
You visited 1 branch of the dungeon, and saw 4 of its levels.

You collected 104 gold pieces.

Inventory:

Hand Weapons
 a - a +3 falchion (weapon)
 h - a +1 antimagic dagger
Missiles
 k - 14 poisoned darts
 q - 5 boomerangs
Armour
 b - a +1 buckler (worn)
 d - a +0 leather armour (worn)
 m - a scarf of invisibility
Jewellery
 j - a ring of wizardry
Wands
 e - a wand of charming (9)
Scrolls
 f - 5 scrolls of identify
 l - 2 scrolls of teleportation
 o - 3 scrolls of fear {unknown}
 p - a scroll of fog
 r - a scroll of enchant armour
Potions
 c - 3 potions of lignification
 g - a potion of haste
 i - 2 potions of mutation {unknown}
 n - 2 potions of curing


   Skills:
 + Level 3.0 Fighting
 + Level 1.5 Short Blades
 + Level 4.8 Long Blades
 + Level 1.5 Axes
 + Level 1.5 Maces & Flails
 + Level 1.5 Polearms
 + Level 1.5 Staves
 + Level 1.5 Ranged Weapons
 + Level 1.5 Throwing
 + Level 3.0 Armour
 + Level 1.5 Dodging
 + Level 1.5 Stealth
 + Level 3.0 Shields
 + Level 1.5 Unarmed Combat
 + Level 3.2 Spellcasting
 + Level 1.2 Conjurations
 + Level 1.2 Hexes
 + Level 1.2 Summonings
 + Level 1.2 Necromancy
 + Level 1.2 Translocations
 + Level 1.2 Transmutations
 + Level 1.2 Fire Magic
 + Level 1.2 Ice Magic
 + Level 1.2 Air Magic
 + Level 1.2 Earth Magic
 + Level 5.5 Poison Magic
 + Level 3.1 Invocations
 + Level 1.5 Evocations


You had 9 spell levels left.
You knew the following spells:

 Your Spells              Type           Power      Damage    Failure   Level
a - Sting                 Tmut/Pois      40%        1d5       10%         1

Your spell library contained the following spells:

 Spells                   Type           Power      Damage    Failure   Level
 Ignite Poison            Fire/Tmut/Pois 9%         N/A       36%         3
 Mephitic Cloud           Conj/Pois/Air  9%         N/A       36%         3
 Freezing Cloud           Conj/Ice/Air   2%         6-21      100%        5


Dungeon Overview and Level Annotations

Branches:
Dungeon (4/15)
 Temple: D:4-7

Altars:
Vehumet

Annotations:
D:4 Sigmund


Innate Abilities, Weirdness & Mutations

You have very sharp teeth.
Your uncanny sense of smell can sniff out nearby items.
Your experience applies equally to all skills.


Message History

a +0 club; a +0 leather armour The orc wizard points at you and mumbles some strange words.
You resist with some effort.
The orc wizard gestures wildly while chanting.
The orc wizard flickers and vanishes!
The sting misses the kobold.
The sting misses the kobold.
The sting hits the kobold but does no damage.
The kobold is poisoned.
The kobold hits you with a +0 dagger.
You closely miss the kobold. You block the kobold's attack.
You hit the kobold but do no damage. You bite the kobold, but do no damage.
The kobold is heavily wounded.
You kill the kobold!
You miss something. Something hits you.
You barely miss something. Something hits you! Something hits you.
You miss something. Your bite misses something.
You hear some strange, mumbled words.
You are confused.
Something hits you!
You hit something. Something hits you.
A puff of flame appears from out of thin air!
The puff of flame hits something!
You hear some strange, mumbled words.
A puff of flame appears from out of thin air!
The puff of flame misses you.
A magic dart appears from out of thin air!
The magic dart hits something!
Reactivating autopickup.
You feel a bit more experienced.
You bump into the rock wall.
You feel less confused. Something hits you!
* * * LOW HITPOINT WARNING * * *
Deactivating autopickup; reactivate with Ctrl-A.
A magic dart appears from out of thin air!
The magic dart hits you.
* * * LOW HITPOINT WARNING * * *
A puff of flame appears from out of thin air!
The puff of flame hits you!
You die...

#. ##.### ###.######## #....
#............##### #....
#................# ...
...........#.##### ... ∆
#...#.###.#..######## #.# #
....†...<.#.........### #.####.##
>.....................###........
................@...{............
....#.##..#..######.##.##.####...
....#.##..#..# #.##.##)# #
..........#..# #.##.##.# ..
.............# #.##....####...
.............. ..................
.......##.# ##..##.......##...
.......# .# # . #.......#
.#.....# .# # .. #.......# .


There were no monsters in sight!

Vanquished Creatures
  2 orc priests
  An adder (D:2)
  3 dart slugs
  3 orcs
  2 bats (D:1)
  4 endoplasms
  A giant cockroach (D:4)
  6 goblins
  3 hobgoblins
  14 jackals
  6 quokkas
  5 ball pythons
  4 frilled lizards
  4 kobolds
  2 rats (D:1)
60 creatures vanquished.

Vanquished Creatures (others)
  An orc wizard (D:4)
1 creature vanquished.

Grand Total: 61 creatures vanquished

Notes
Turn   | Place    | Note
-------+----------+-------------------------------------------
     0 | D:1      | MisterFreud the Gnoll Wanderer began the quest for the Orb.
     0 | D:1      | MisterFreud set off with the following items: a +2
                  | falchion, a +0 buckler, a potion of lignification, a +0
                  | leather armour; and the following spell memorised: Sting;
                  | and the following spells available to memorise: Ignite
                  | Poison.
     0 | D:1      | Reached XP level 1. HP: 17/17 MP: 4/4
   169 | D:1      | Reached XP level 2. HP: 11/23 MP: 3/5
   942 | D:2      | Found a faded altar of an unknown god.
   964 | D:2      | Reached XP level 3. HP: 28/28 MP: 5/7
  1533 | D:2      | Reached skill level 1 in Short Blades
  1533 | D:2      | Reached skill level 1 in Axes
  1533 | D:2      | Reached skill level 1 in Maces & Flails
  1533 | D:2      | Reached skill level 1 in Polearms
  1533 | D:2      | Reached skill level 1 in Staves
  1533 | D:2      | Reached skill level 1 in Ranged Weapons
  1533 | D:2      | Reached skill level 1 in Throwing
  1533 | D:2      | Reached skill level 1 in Dodging
  1533 | D:2      | Reached skill level 1 in Stealth
  1533 | D:2      | Reached skill level 1 in Unarmed Combat
  1533 | D:2      | Reached skill level 1 in Evocations
  2309 | D:3      | Reached XP level 4. HP: 32/34 MP: 6/8
  2820 | D:3      | Found a radiant altar of Vehumet.
  3104 | D:4      | Reached skill level 1 in Conjurations
  3104 | D:4      | Reached skill level 1 in Hexes
  3104 | D:4      | Reached skill level 1 in Summonings
  3104 | D:4      | Reached skill level 1 in Necromancy
  3104 | D:4      | Reached skill level 1 in Translocations
  3104 | D:4      | Reached skill level 1 in Transmutations
  3104 | D:4      | Reached skill level 1 in Fire Magic
  3104 | D:4      | Reached skill level 1 in Ice Magic
  3104 | D:4      | Reached skill level 1 in Air Magic
  3104 | D:4      | Reached skill level 1 in Earth Magic
  3654 | D:4      | Reached XP level 5. HP: 11/41 MP: 5/9
  4029 | D:4      | Noticed a lemure
  4029 | D:4      | Noticed a lemure
  4097 | D:4      | Noticed Sigmund
  4128 | D:4      | Killed from afar by Sigmund

Illustrated notes

Levels and vault maps discovered:
D:1:      dpeg_arrival_simpleton_a, layout_basic
D:2:      layout_basic, nicolae_ecumenical_pavilion, nicolae_elevator_lobby_plus
D:3:      layout_loops_cross, mainiacjoe_overflow_surrounded_room,
          grunt_decor_one_mirror
D:4:      layout_basic, uniq_sigmund, uniq_pikel

Skill      XL: |  1  2  3  4 |
---------------+-------------+-----
Short Blades   | 1 |  1.5
Axes           | 1 |  1.5
Maces & Flails | 1 |  1.5
Polearms       | 1 |  1.5
Staves         | 1 |  1.5
Ranged Weapons | 1 |  1.5
Throwing       | 1 |  1.5
Dodging        | 1 |  1.5
Stealth        | 1 |  1.5
Unarmed Combat | 1 |  1.5
Evocations     | 1 |  1.5
Spellcasting   | 3 |  3.2
Conjurations   | 1 |  1.2
Hexes          | 1 |  1.2
Summonings     | 1 |  1.2
Necromancy     | 1 |  1.2
Translocations | 1 |  1.2
Transmutations | 1 |  1.2
Fire Magic     | 1 |  1.2
Ice Magic      | 1 |  1.2
Air Magic      | 1 |  1.2
Earth Magic    | 1 |  1.2
Invocations    | 3 |  3.1
Fighting       | 3 |  3.0
Armour         | 3 |  3.0
Shields        | 3 |  3.0
Long Blades    | |  4.8
Poison Magic   | |  5.5

Action                   |  1- 3 |  4- 6 || total
-------------------------+-------+-------++-------
Melee: Falchion          |    78 |    47 ||   125
       Bite              |     5 |     2 ||     7
 Cast: Sting             |    24 |    23 ||    47
  Use: Scroll            |     3 |     6 ||     9
Armor: Leather armour    |    11 |     5 ||    16
Dodge: Dodged            |    39 |    15 ||    54
Block: Buckler           |    12 |    12 ||    24
